 Dungeon Crawl Stone Soup version 0.29-a0-314-gb00dd7cb4b (webtiles) character file.

Game seed: 15657783696919539398

547 HotDog the Cudgeller (level 7, -3/44 HPs)
             Began as a Gargoyle Fighter on Mar 29, 2022.
             Was an Initiate of the Shining One.
             Slain by an orc warrior
             ... wielding a +0 halberd
              (16 damage)
             ... on level 6 of the Dungeon.
             The game lasted 00:06:29 (3095 turns).

HotDog the Cudgeller (Gargoyle Fighter)             Turns: 3095, Time: 00:06:30

Health: -3/44      AC: 13    Str: 19    XL:     7   Next: 28%
Magic:  8/8        EV:  9    Int:  9    God:    the Shining One [......]
Gold:   189        SH:  4    Dex: 11    Spells: 6/6 levels left

rFire   . . .      SeeInvis .   a - +0 flail
rCold   . . .      Faith    .   c - +0 buckler
rNeg    + . .      Spirit   .   b - +0 scale mail
rPois   ∞          Reflect  .   (no helmet)
rElec   +          Harm     .   (no cloak)
rCorr   .          Rampage  .   (no gloves)
Will    .....                   r - +0 pair of boots
Stlth   ..........              e - amulet of regeneration
HPRegen 0.94/turn               (no ring)
MPRegen 0.11/turn               (no ring)

@: on berserk cooldown, slowed, glowing, very slow
A: sickness immunity, AC +4, negative energy resistance 1, electricity
resistance, torment resistance 1, petrification resistance
a: Renounce Religion


You were on level 6 of the Dungeon.
You worshipped the Shining One.
The Shining One was noncommittal.
You visited 2 branches of the dungeon, and saw 6 of its levels.

You collected 279 gold pieces.
You spent 90 gold pieces at shops.

Inventory:

Hand Weapons
 a - a +0 flail (weapon)
Armour
 b - a +0 scale mail (worn)
 c - a +0 buckler (worn)
 r - a +0 pair of boots (worn)
Jewellery
 e - an amulet of regeneration (around neck)
 n - a ring of wizardry
Wands
 l - a wand of acid (11)
 s - a wand of flame (13)
Scrolls
 i - 2 scrolls of vulnerability
 m - a scroll of silence
 o - a scroll of fog
 t - a scroll of enchant armour {unknown}
 u - a scroll of magic mapping
Potions
 d - 4 potions of might
 h - a potion of flight
 j - 2 potions of attraction
 k - a potion of brilliance
 p - a potion of heal wounds {unknown}


   Skills:
 * Level 4.5 Fighting
 * Level 5.0 Maces & Flails
 * Level 4.8 Armour
 * Level 1.6 Dodging
 * Level 4.0 Shields
 * Level 2.2 Invocations


You had 6 spell levels left.
You didn't know any spells.
Your spell library contained the following spells:

 Spells                   Type           Power      Damage    Failure   Level
 Pain                     Necr           0%         1d4       83%         1
 Agony                    Necr           0%         N/A       100%        5
 Excruciating Wounds      Necr           0%         N/A       100%        5


Dungeon Overview and Level Annotations

Branches:
Dungeon (4/15)             Temple (1/1) D:4

Altars:
Ashenzari
Fedhas
Gozag
Hepliaklqana
Kikubaaqudgha
Makhleb
Okawaru
Qazlal
Ru
Sif Muna
Trog
Vehumet
Wu Jian
Yredelemnul
Zin
The Shining One

Shops:
D:1 (   D:3 (


Innate Abilities, Weirdness & Mutations

You are immune to sickness and miasma.
Your stone body is resilient. (AC +4)
You are immune to poison.
You resist negative energy. (rN+)
You are resistant to electric shocks. (rElec)
You are resistant to unholy torment.
You are immune to petrification.


Message History

You barely miss the orc.
The orc is moderately wounded.
The orc barely misses you. You block the orc warrior's attack.
Your orc barely misses the iguana.
You sock the orc!
You kill the orc!
You block the orc warrior's attack.
Items here: ! )) ? [ ††.
You barely miss the orc warrior.
The orc warrior is moderately wounded.
The orc warrior closely misses you.
Your orc hits the iguana but does no damage.
You hit the orc warrior but do no damage.
The orc warrior is moderately wounded.
You are no longer berserk.
You are exhausted.
You feel yourself slow down.
The orc warrior hits you with a +0 halberd.
Your orc hits the iguana but does no damage.
You hit the orc warrior but do no damage.
The orc warrior is moderately wounded.
Your orc dissolves into shadows!
The orc warrior hits you with a +0 halberd.
The orc warrior misses you.
You completely miss the orc warrior.
The orc warrior is moderately wounded.
You block the orc warrior's attack. The orc warrior barely misses you.
You hit the orc warrior but do no damage.
The orc warrior is moderately wounded.
The orc warrior hits you with a +0 halberd!
* * * LOW HITPOINT WARNING * * *
Unknown command.
You sock the orc warrior!
The orc warrior is severely wounded.
The orc warrior completely misses you. You block the orc warrior's attack.
You barely miss the orc warrior.
The orc warrior is severely wounded.
The orc warrior barely misses you.
The orc warrior hits you with a +0 halberd!
You die...

##.#.o# #.##§§§§..#.#
...#..# #..§§§§§#.#.#
......# #######§o..^#
####.## ###.###
.....######### #.#
####.........# #.#
#.......#.# #.######
####.......#.#####.......
..##..........lo@........
#.##.......#.#####.......
#.##.......#.# ..#####.
#.##.........# ##
#.############ ..# ###


You could see an orc warrior and an iguana.

Vanquished Creatures
  A black bear (D:6)
  A scorpion (D:6)
  A necrophage (D:4)
  A hound (D:4)
  An orc priest (D:6)
  An iguana (D:4)
  2 orc wizards
  3 gnolls (D:3)
  5 adders
  An ufetubus (D:3)
  2 dart slugs (D:1)
  13 orcs
  8 endoplasms
  A giant cockroach (D:2)
  7 goblins
  10 hobgoblins
  A quokka (D:1)
  5 ball pythons
  5 bats
  3 frilled lizards
  8 kobolds
  8 rats
88 creatures vanquished.

Vanquished Creatures (collateral kills)
  An orc priest (D:6)
1 creature vanquished.

Grand Total: 89 creatures vanquished

Notes
Turn   | Place    | Note
-------+----------+-------------------------------------------
     0 | D:1      | HotDog the Gargoyle Fighter began the quest for the Orb.
     0 | D:1      | Reached XP level 1. HP: 14/14 MP: 1/1
    51 | D:1      | Found a faded altar of an unknown god.
   180 | D:1      | Reached XP level 2. HP: 19/19 MP: 2/2
   180 | D:1      | Found Eregil's Weapon Boutique.
   566 | D:1      | Reached XP level 3. HP: 23/23 MP: 3/3
  1299 | D:3      | Reached skill level 1 in Invocations
  1299 | D:3      | Reached XP level 4. HP: 28/29 MP: 4/4
  1566 | D:3      | Reached skill level 3 in Maces & Flails
  1625 | D:3      | Found Zin's Purification Station.
  1629 | D:3      | Found a glowing silver altar of Zin.
  1632 | D:3      | Bought a potion of curing for 90 gold pieces
  1768 | D:3      | Reached XP level 5. HP: 26/33 MP: 5/5
  1940 | D:3      | Reached skill level 1 in Dodging
  1959 | D:3      | Found Rufiq's Weapon Shop.
  2213 | D:4      | Found a staircase to the Ecumenical Temple.
  2238 | Temple   | Entered the Ecumenical Temple
  2272 | Temple   | Became a worshipper of the Shining One
  2500 | D:4      | Reached skill level 4 in Maces & Flails
  2500 | D:4      | Reached XP level 6. HP: 38/38 MP: 7/7
  2807 | D:4      | You fall into a shaft and drop 2 floors!
  2856 | D:6      | Noticed a black bear
  2865 | D:6      | Killed a black bear
  2901 | D:6      | Reached XP level 7. HP: 17/44 MP: 8/8
  3055 | D:6      | Reached skill level 5 in Maces & Flails
  3075 | D:6      | The Shining One protects you from harm!
  3095 | D:6      | Slain by an orc warrior

Illustrated notes

Levels and vault maps discovered:
D:1:      nicolae_arrival_washed_ashore, layout_basic, serial_shops,
          nicolae_shop_crystal, hellmonk_ecumenical_altar_crossroads,
          serial_glass, glass_columns_c, glass_columns_b
D:2:      layout_basic
D:3:      layout_basic, zin_purify, serial_shops, nicolae_shop_hallway_stairs
D:4:      layout_loops_ring, nemelex_spade_bored_becter,
          minmay_temple_entry_statues, kennysheep_opposing_triangles
D:6:      layout_loops_cross, serial_bayou_pond_b, nicolae_elevator_lobby_plus
Temple:   eino_wide_crystal_templ

Skill      XL: |  1  2  3  4  5  6  7 |
---------------+----------------------+-----
Invocations    | 1 2 |  2.2
Maces & Flails | 3 4 5 |  5.0
Armour         | 4 |  4.8
Dodging        | 1 |  1.6
Fighting       | 4 |  4.5
Shields        | 4 |  4.0

Action                   |  1- 3 |  4- 6 |  7- 9 || total
-------------------------+-------+-------+-------++-------
Melee: Flail             |   153 |   201 |    24 ||   378
  Use: Scroll            |       |     6 |     2 ||     8
       Potion            |       |     1 |     2 ||     3
Armor: Scale mail        |   138 |   143 |    10 ||   291
Dodge: Dodged            |   105 |   145 |    23 ||   273
Block: Buckler           |    48 |    48 |     8 ||   104

Table legend: (Time is in decaauts)
 A = Elapsed time spent in this place.
 B = Non-inter-level travel time spent in this place.
 C = Inter-level travel time spent in this place.
 D = Time resting spent in this place.
 E = Time spent auto-exploring this place.
 F = Levels seen in this place.
 G = Mean time per level.
                   A        B        C        D        E       F      G
               +--------+--------+--------+--------+--------+-----+--------+
         Total |   3202 |   3066 |    136 |    423 |   1693 |   6 |  533.7 |
       Dungeon |   3151 |   3029 |    122 |    423 |   1675 |   5 |  630.2 |
        Temple |     50 |     36 |     14 |      0 |     18 |   1 |   50.0 |
               +--------+--------+--------+--------+--------+-----+--------+

Top non-repeatable levels by time:
     D:3: 1082 daAuts
     D:1: 787 daAuts
     D:2: 531 daAuts
     D:4: 454 daAuts
     D:6: 296 daAuts
  Temple: 50 daAuts
